 Dungeon Crawl Stone Soup version 0.31-a0-472-g43a2ca8e1b (webtiles) character file.

Game seed: 7305057972004035373

66 Ethylacetat the Changeling (level 4, -1/29 HPs)
             Began as an Octopode Shapeshifter on Aug 6, 2023.
             Succumbed to a gnoll's poison
             ... on level 2 of the Dungeon.
             The game lasted 00:00:56 (619 turns).

Ethylacetat the Changeling (Octopode Shapeshifter)   Turns: 619, Time: 00:00:57

Health: -1/29      AC:  1    Str: 14    XL:     4   Next: 15%
Magic:  4/4        EV: 13    Int: 10    God:
Gold:   123        SH:  0    Dex: 14    Spells: 3/3 levels left

rFire   . .          .
                       - Unarmed
rCold   . . .        (no shield)
rNeg    . . .        (helmet currently unavailable)
rPois   .            (no amulet)
rElec   .            (no ring)
rCorr   .            (no ring)
SInv    .            (no ring)
Will    .....        (no ring)
Stlth   ++           (no ring)
HPRegen 0.24/turn    (no ring)
MPRegen 0.09/turn    (no ring)
                     (no ring)

%: no passive effects
@: lethally poisoned (-1 -> -14), beast-form
A: beast (slay +2), almost no armour, amphibious, 8 rings, camouflage 1,
gelatinous body 1, (nimble swimmer 1), tentacles
a: Begin Untransformation


You were on level 2 of the Dungeon.
You were a hulking beast.
You visited 1 branch of the dungeon, and saw 3 of its levels.

You collected 123 gold pieces.

Inventory:

Talismans
 b - a beast talisman (active)
Scrolls
 c - a scroll of teleportation {unknown}
 d - 2 scrolls of vulnerability {unknown}
 f - a scroll of identify {unknown}
Potions
 a - 2 potions of lignification
 e - a potion of curing
 g - a potion of degeneration {unknown}


   Skills:
 + Level 2.0 Fighting
 - Level 2.0 Dodging
 + Level 3.5 Unarmed Combat
 * Level 3.7 Shapeshifting


You had 3 spell levels left.
You didn't know any spells.
Your spell library contained the following spells:

 Spells                   Type           Power      Damage    Failure   Level
 Kiss of Death            Conj/Necr      0%         2d5       36%         1
 Confusing Touch          Hex            0%         N/A       75%         3
 Dispel Undead            Necr           0%         3d6       98%         4


Dungeon Overview and Level Annotations

Branches:
Dungeon (3/15)

Altars:


Innate Abilities, Weirdness & Mutations

You are a hulking beast.
Your limbs bulge with bestial killing power. (Slay +2)
You cannot wear most types of armour.
You are amphibious.
You can wear up to eight rings at the same time.
Your skin changes colour to match your surroundings (Stealth+).
Your rubbery body absorbs attacks. (AC +1, EV +1)
((You are camouflaged when in or above water. (Stealth+)))
You have tentacles for arms and can constrict up to eight enemies at once.


Message History

You grab the gnoll. You constrict the gnoll.
The gnoll hits you with a +0 halberd.
An endoplasm comes into view.
You tentacle-slap the gnoll.
The gnoll is heavily wounded.
You constrict the gnoll, but do no damage.
The gnoll bouda barks out a call to the hunt!
The gnolls pick up the pace!
The gnoll closely misses you.
You tentacle-slap the gnoll. You squeeze the gnoll.
The gnoll is almost dead.
You constrict the gnoll.
A gnoll comes into view. It is wielding a +0 flail.
The gnoll hits you with a +0 halberd!
The gnoll moves out of view.
You are too injured to fight recklessly!
You are too injured to fight recklessly!
You are too injured to fight recklessly!
You tentacle-slap the gnoll.
You kill the gnoll!
The gnoll hits you with a +0 whip. The gnoll attacks as you move away!
The gnoll hits you with a +0 whip.
* * * LOW HITPOINT WARNING * * *
The gnoll barely misses you.
You see here a frilled lizard corpse.
You closely miss the gnoll. Your grab misses the gnoll. You squeeze the gnoll!
The gnoll is severely wounded.
You tentacle-slap the gnoll.
You kill the gnoll!
The gnoll hits you with a +0 flail.
* * * LOW HITPOINT WARNING * * *
Your Fighting skill increases to level 2!
You have reached level 4!
It was a potion of curing.
You feel better. The gnoll barely misses you.
Okay, then.
There is a stone staircase leading up here.
The gnoll hits you from afar with a +2 spear of venom.
* * * LOW HITPOINT WARNING * * *
You are lethally poisoned!
You climb upwards.
You die...

#...................###..#
#.......##........#......#
#.......##...<....#.###...
#.......#.......<...###.#.
#...................##.>#.
#########...........##....
#...........##..##
######g............>...
#.†...h...)............
#.######.......#...####
#......######........#
######.........#.###.#
#######.....###.##
##.......#......#
###.........####...
#............# ##..
######............# ###


You could see a gnoll (swift).

Vanquished Creatures
  2 gnolls (D:3)
  2 adders (D:2)
  A worm (D:2)
  2 dart slugs
  An endoplasm (D:2)
  2 hobgoblins (D:2)
  A kobold (D:2)
  2 quokkas
  5 ball pythons (D:2)
  2 bats
  2 frilled lizards
  A rat (D:1)
23 creatures vanquished.

Notes
Turn   | Place    | Note
-------+----------+-------------------------------------------
     0 | D:1      | Ethylacetat the Octopode Shapeshifter began the quest for
                  | the Orb.
     0 | D:1      | Reached XP level 1. HP: 13/13 MP: 1/1
   174 | D:1      | You fall into a shaft and drop 1 floor!
   192 | D:2      | Reached XP level 2. HP: 16/18 MP: 2/2
   382 | D:2      | Reached XP level 3. HP: 21/23 MP: 3/3
   614 | D:3      | HP: 1/24 [gnoll/+0 flail[a gnoll bouda] (3)]
   615 | D:3      | Reached XP level 4. HP: 1/29 MP: 4/4
   619 | D:2      | Succumbed to a gnoll's poison

Illustrated notes

Levels and vault maps discovered:
D:1:      scummos_arrival_forest, layout_basic, serial_forest,
          infiniplex_forest_lined_room_, infiniplex_forest_corner_2,
          infiniplex_forest_lined_4_way, infiniplex_forest_zigzag_1,
          infiniplex_forest_clump_curved, infiniplex_forest_clump_tiny,
          infiniplex_forest_side_room, st_stairs_8, nrook_mini_backslash,
          nicolae_concentric_dashed_squares_mild, grunt_decor_resistance,
          minmay_misc_feat_chi
D:2:      layout_rooms
D:3:      layout_basic

Skill      XL: |  1  2  3 |
---------------+----------+-----
Fighting       | 2 |  2.0
Dodging        | |  2.0
Unarmed Combat | |  3.5
Shapeshifting  | |  3.7

Action                     |  1- 3 |  4- 6 || total
---------------------------+-------+-------++-------
  Melee: Unarmed           |    46 |       ||    46
         Constrict         |    12 |       ||    12
         Tentacles         |     7 |       ||     7
         Punch             |     3 |       ||     3
    Use: Potion            |       |     1 ||     1
   Stab: Sleeping          |     5 |       ||     5
 Armour: Skin              |     4 |       ||     4
  Dodge: Dodged            |    28 |     1 ||    29

Table legend: (Time is in decaauts)
 A = Elapsed time spent in this place.
 B = Non-inter-level travel time spent in this place.
 C = Inter-level travel time spent in this place.
 D = Time resting spent in this place.
 E = Time spent auto-exploring this place.
 F = Levels seen in this place.
 G = Mean time per level.
                   A        B        C        D        E       F      G
               +--------+--------+--------+--------+--------+-----+--------+
         Total |    615 |    605 |     10 |      0 |    444 |   3 |  205.0 |
       Dungeon |    615 |    605 |     10 |      0 |    444 |   3 |  205.0 |
               +--------+--------+--------+--------+--------+-----+--------+

Top non-repeatable levels by time:
     D:2: 424 daAuts
     D:1: 173 daAuts
     D:3: 17 daAuts
